Map: Ascension to Aiur LE

Players

DeeTeez - Winner!

  • Race: Protoss Protoss
  • League: Diamond
  • Spawn Location: 11:00

Alexis

  • Race: Terran Terran
  • League: Diamond
  • Spawn Location: 5:00

VOD

Have the link to the VOD?

Description

gateway pvt

Time

  • Played on: Dec. 15, 2017, 1:53 p.m.
  • Length: 12:18
Show
View Real Time Build Order
Export as new Build Order

DeeTeez Protoss - Winner!

Build Orders: 1 Gate Expand, Double Forge 

Get SALT Encoding   

  12  0:01  Probe  
  13  0:13  Probe  
  14  0:19  Pylon  
  14  0:25  Probe  
  15  0:37  Probe (Chrono Boost)  
  16  0:44  Gateway  
  16  0:47  Assimilator, Probe (Chrono Boost)  
  17  0:51  Probe  
  18  1:03  Probe (Chrono Boost)  
  20  1:13  Probe (Chrono Boost)  
  20  1:17  Probe  
  21  1:29  Nexus  
  21  1:33  Probe  
  22  1:44  Cybernetics Core  
  22  1:46  Probe  
  23  1:53  Pylon  
  23  2:02  Assimilator  
  23  2:11  Probe  
  23  2:16  Gateway  
  23  2:23  Probe  
  23  2:27  Warp Gate, Twilight Council  
  24  2:35  Stalker  
  26  2:38  Probe (Chrono Boost)  
  28  2:49  Probe x2 (Chrono Boost)  
  29  2:55  Probe  
  30  3:03  Gateway  
  30  3:04  Charge (Chrono Boost)  
  30  3:06  Probe  
  30  3:10  Probe  
  32  3:15  Stalker  
  34  3:21  Stalker  
  34  3:25  Probe  
  34  3:26  Probe  
  38  3:34  Pylon  
  38  3:38  Probe  
  39  3:50  Pylon, Probe x2  
  39  3:54  Stalker  
  39  3:55  Stalker  
  45  4:01  Stalker  
  45  4:02  Probe  
  48  4:05  Pylon  
  48  4:20  Forge  
  48  4:21  Forge  
  48  4:38  Probe  
  48  4:40  Nexus  
  48  4:43  Pylon  
  48  4:49  Zealot x2  
  48  4:50  Zealot  
  54  4:58  Shield Battery  
  54  4:59  Protoss Ground Weapons Level 1 (Chrono Boost)  
  49  5:15  Probe x2  
  51  5:27  Probe x2  
  53  5:29  Blink  
  53  5:33  Protoss Ground Armor Level 1 (Chrono Boost)  
  53  5:39  Probe  
  53  5:40  Stalker  
  53  5:42  Stalker  
  58  5:52  Stalker  
  58  5:54  Probe x2  
  60  6:08  Probe x3  
  61  6:16  Zealot x2  
  65  6:20  Probe x3  
  68  6:26  Protoss Ground Weapons Level 2 (Chrono Boost)  
  68  6:30  Zealot  
  68  6:32  Probe x2  
  72  6:33  Probe  
  72  6:36  Robotics Facility  
  73  6:40  Zealot  
  73  6:44  Probe x2  
  73  6:45  Probe  
  78  6:50  Zealot  
  78  6:52  Zealot  
  82  6:54  Pylon  
  82  6:59  Probe  
  82  7:00  Probe x2  
  85  7:06  Pylon  
  85  7:14  Protoss Ground Armor Level 2 (Chrono Boost)  
  85  7:16  Gateway  
  85  7:17  Gateway  
  85  7:18  Gateway  
  85  7:19  Stalker  
  87  7:23  Observer  
  88  7:40  Nexus  
  88  7:41  Zealot x2, Pylon  
  88  7:42  Zealot  
  94  7:45  Observer  
  95  7:56  Probe x3  
  98  8:00  Gateway x2  
  98  8:03  Gateway  
  98  8:06  Gateway  
  98  8:10  Gateway  
  98  8:14  Observer  
  98  8:18  Zealot x2  
  98  8:19  Zealot  
  105  8:23  Probe x3  
  108  8:27  Protoss Ground Weapons Level 3 (Chrono Boost)  
  108  8:35  Pylon  
  108  8:36  Pylon  
  108  8:37  Pylon  
  108  8:54  Zealot x6  
  124  9:10  Protoss Ground Armor Level 3 (Chrono Boost)  
  108  9:35  Immortal  
  90  9:41  Pylon  
  90  9:42  Pylon  
  90  9:43  Zealot x6  
  96  9:46  Pylon  
  96  9:59  Nexus  
  96  10:00  Pylon, Gateway  
  96  10:01  Pylon, Gateway  
  96  10:02  Pylon  
  96  10:03  Pylon  
  96  10:04  Zealot x5, Pylon x2  
  96  10:05  Zealot x3, Pylon  
  112  10:15  Warp Prism  
  112  10:19  Probe  
  112  10:20  Probe x3  
  118  10:29  Zealot  
  118  10:30  Zealot x5  
  118  10:32  Probe x4  
  134  10:41  Protoss Shields Level 1 (Chrono Boost)  
  134  10:44  Probe x2  
  134  10:47  Templar Archives  
  136  10:51  Zealot, Observer  
  136  10:52  Zealot x2  
  143  11:11  Zealot x5  
  145  11:12  Warp Prism, Zealot x3  
  161  11:23  Pylon x2  
  161  11:26  Pylon  
  161  11:29  Gateway  
  161  11:30  Gateway  
  161  11:31  Gateway  
  149  11:57  Zealot x5  
  149  11:58  Zealot x3  
Show
View Real Time Build Order
Export as new Build Order

Alexis Terran 

Build Orders: Liberator Opening, MMM Bio 

Get SALT Encoding   

  12  0:09  SCV  
  13  0:21  SCV  
  14  0:24  Supply Depot  
  14  0:31  Refinery  
  14  0:33  SCV  
  15  0:46  SCV  
  15  0:47  Barracks  
  16  0:58  SCV  
  17  1:10  SCV  
  18  1:22  SCV  
  19  1:31  Supply Depot  
  19  1:34  Marine, SCV  
  19  1:39  Factory  
  21  1:47  Orbital Command  
  21  1:52  Marine  
  22  2:10  Marine  
  23  2:16  SCV  
  24  2:28  Command Center, SCV  
  24  2:29  Marine  
  26  2:37  Starport  
  26  2:40  SCV  
  27  2:47  Marine  
  27  2:49  Refinery  
  28  2:53  Hellion  
  28  2:57  SCV  
  31  3:09  Supply Depot  
  31  3:31  Marine, Medivac, Supply Depot, Hellion, SCV  
  37  3:40  Orbital Command  
  37  3:43  Liberator, SCV  
  38  3:48  Marine  
  38  3:55  SCV  
  43  4:06  Marine  
  44  4:22  Factory Tech Lab  
  44  4:24  SCV  
  45  4:27  Supply Depot  
  45  4:29  Engineering Bay  
  46  4:33  SCV  
  46  4:36  Supply Depot, SCV  
  47  4:40  Barracks Tech Lab  
  47  4:44  Siege Tank  
  47  4:45  Barracks, SCV  
  51  5:00  Marine  
  51  5:02  Stimpack, SCV  
  51  5:03  SCV  
  50  5:16  Siege Tank  
  50  5:18  Marine  
  54  5:21  Starport Reactor  
  54  5:22  SCV  
  54  5:25  Terran Infantry Weapons Level 1  
  55  5:38  Supply Depot  
  55  5:39  Supply Depot  
  55  5:42  Barracks Tech Lab  
  55  5:43  Barracks, SCV x2  
  55  5:45  Barracks  
  55  5:46  Barracks  
  55  5:48  Barracks  
  57  5:55  Marine  
  58  6:01  SCV x2  
  60  6:08  Refinery  
  60  6:10  Refinery  
  48  6:13  Combat Shields  
  48  6:14  Marauder  
  48  6:17  Marauder  
  48  6:18  SCV x2  
  54  6:23  Engineering Bay  
  54  6:30  SCV  
  55  6:34  Marine  
  55  6:35  Barracks Tech Lab x2  
  55  6:36  Barracks Reactor  
  55  6:39  Marauder  
  58  6:40  Barracks Reactor  
  58  6:42  Medivac  
  58  6:44  Concussive Shells  
  60  6:49  Marine  
  60  6:51  SCV  
  60  6:52  Marine  
  63  6:55  Supply Depot  
  63  6:57  SCV  
  63  7:00  Marine, Terran Infantry Armor Level 1  
  65  7:03  SCV  
  65  7:06  Marine  
  65  7:08  Marauder  
  69  7:09  SCV  
  69  7:10  Marine  
  71  7:16  Marine, Supply Depot  
  71  7:17  Marine  
  71  7:18  Marauder, Factory Reactor  
  71  7:21  Marine  
  71  7:22  Marine  
  77  7:24  Marine  
  77  7:25  Medivac  
  77  7:28  Marine  
  77  7:29  Marine  
  82  7:34  Marine x2  
  84  7:39  Marauder  
  84  7:42  Marauder  
  84  7:43  Supply Depot  
  88  7:46  Marine  
  88  7:47  Marine, Marauder, SCV x2  
  94  7:54  Command Center  
  94  7:58  Marine x2  
  96  8:00  Marine  
  96  8:03  Marauder  
  96  8:04  Marine, Marauder, Armory  
  96  8:05  Marine  
  102  8:08  Marauder  
  105  8:15  Marine, Factory Reactor  
  105  8:16  Marine  
  105  8:19  Marauder  
  109  8:22  Marine  
  109  8:23  Marine, Missile Turret  
  109  8:26  Marine  
  114  8:27  Marauder  
  114  8:32  Marine  
  114  8:33  Marine  
  116  8:35  Medivac  
  118  8:52  Supply Depot  
  118  8:57  Supply Depot  
  118  9:01  Supply Depot  
  118  9:05  Marine x5  
  118  9:06  Marauder x2  
  118  9:09  Marine  
  128  9:10  SCV  
  129  9:23  Marine x3  
  129  9:24  Marauder  
  134  9:27  Marauder x2  
  96  9:39  Marine  
  96  9:40  Marauder  
  96  9:41  Marine  
  96  9:42  Marine x2  
  96  9:45  Marauder  
  88  9:49  Marauder x2  
  88  9:52  Orbital Command  
  92  9:57  Marine  
  92  9:59  Marine  
  94  10:01  Marauder  
  96  10:08  SCV x2  
  96  10:09  Starport  
  98  10:16  Marine x2  
  98  10:17  Marauder  
  98  10:20  Refinery, SCV  
  105  10:21  Marauder  
  105  10:23  Refinery  
  105  10:25  Marine x3  
  108  10:35  Marine x2  
  108  10:36  Marauder  
  108  10:38  Marauder  
  114  10:44  SCV  
  114  10:48  Command Center  
  115  10:55  SCV x2  
  117  11:00  Supply Depot  
  117  11:01  Supply Depot  
  117  11:04  Marine x2  
  117  11:05  Marauder x2  
  117  11:08  Marine  
  117  11:09  Marine, Marauder x2  
  129  11:12  Medivac  
  129  11:17  Medivac  
  133  11:20  Medivac x2  
  133  11:23  Supply Depot  
  137  11:26  Marauder  
  139  11:35  Orbital Command  
  134  11:51  Marine x2, Marauder  
  134  11:52  Marauder  
  142  11:58  Marine x2  
Tags
 
Add a new tag
Caveats
  • Supply blocks, unpowered buildings, or Contaminate may cause inaccurate times.
  • Supply counts are checked every 10 seconds.